 Dungeon Sprint DCSS version 0.23.2-1-ga50397a6bc (webtiles) character file.

Game seed: 1080902941198791826

10117 Morrissey the Impaler (level 11, -9/91 HPs)
             Began as a Merfolk Skald on May 12, 2019.
             Was the Champion of Makhleb.
             Mangled by a sun demon (14 damage)
             ... summoned by an orc sorcerer
             ... in the Dungeon (Sprint IX: "|||||||||||||||||||||||||||||").
             The game lasted 00:08:43 (2072 turns).

Morrissey the Impaler (Merfolk Skald)               Turns: 2072, Time: 00:08:44

Health: -9/91      AC: 14    Str: 14    XL:     11   Next: 57%
Magic:  18/22      EV: 24    Int: 13    God:    Makhleb [******]
Gold:   1220       SH:  0    Dex: 17    Spells: 10/14 levels left

rFire    . . .     SeeInvis .   a - +2 halberd (protect)
rCold    . . .     Gourm    .   (shield currently unavailable)
rNeg     . . .     Faith    .   m - +0 leather armour
rPois    .         Spirit   .   o - +0 helmet
rElec    .         Reflect  .   n - +0 cloak
rCorr    .         Harm     .   z - +0 pair of gloves
MR       .....     NoTele   +   (no boots)
Stlth    +.........             (no amulet)
HPRegen  0.25/turn              p - +3 ring of strength
MPRegen  0.18/turn              q - +2 ring of evasion

@: protection aura, very slightly contaminated
A: change form in water, swift swim, stealthy swim
a: Minor Destruction, Lesser Servant of Makhleb, Major Destruction, Greater
Servant of Makhleb, Renounce Religion


You were in the Dungeon.
You worshipped Makhleb.
Makhleb was exalted by your worship.
You were not hungry.

You visited 1 branch You collected 1220 gold pieces.

Inventory:

Hand Weapons
 a - a +2 halberd of protection (weapon)
 b - a +0 spear
Armour
 m - a +0 leather armour (worn)
 n - a +0 cloak (worn)
 o - a +0 helmet (worn)
 z - a +0 pair of gloves (worn)
Jewellery
 p - a +3 ring of strength (left hand)
 q - a +2 ring of evasion (right hand)
Wands
 l - a wand of iceblast (10)
Scrolls
 i - 4 scrolls of remove curse
 k - 2 scrolls of amnesia
 v - 2 scrolls of enchant armour
 w - a scroll of fog
 x - 2 scrolls of enchant weapon
 y - a scroll of fear
Potions
 c - a potion of invisibility
 e - 6 potions of curing
 f - 6 potions of heal wounds
 g - a potion of haste
 h - 5 potions of magic
 s - a potion of agility
 t - a potion of resistance
Miscellaneous
 u - a lamp of fire
Comestibles
 d - 4 chunks of flesh
 r - 10 rations


   Skills:
 - Level 10.3 Fighting
 - Level 16.0 Polearms
 - Level 6.4 Armour
 - Level 14.5 Dodging
 - Level 2.0 Spellcasting
 - Level 7.1 Hexes
 - Level 8.2 Charms
 + Level 15.4 Invocations
 + Level 8.9 Evocations


You had 10 spell levels left.
You knew the following spells:

 Your Spells              Type           Power        Failure   Level  Hunger
a - Infusion              Chrm           ###.         1%          1    ##.....
b - Spectral Weapon       Hex/Chrm       ###.....     4%          3    ####...

Your spell library contained the following spells:

 Spells                   Type           Power        Failure   Level  Hunger
 Song of Slaying          Chrm           ###.....     1%          2    ###....
 Shroud of Golubria       Chrm/Tloc      ##........   9%          2    ###....
 Regeneration             Chrm/Necr      ##........   17%         3    ####...


Dungeon Overview and Level Annotations

Branches:
Dungeon (1/1)

Altars:
Cheibriados
Dithmenos
Elyvilon
Fedhas
Gozag
Hepliaklqana
Kikubaaqudgha
Makhleb
Nemelex Xobeh
Okawaru
Qazlal
Ru
Sif Muna
Trog
Uskayaw
Vehumet
Wu Jian
Xom
Yredelemnul
Zin
The Shining One
Beogh
Jiyva
Lugonu

Shops:
D *


Message History

Your spectral weapon hits the sun demon from afar!
The sun demon completely misses you.
The orc sorcerer mumbles some strange words.
You hit the sun demon.
The sun demon is severely wounded.
Your spectral weapon hits the sun demon but does no damage.
The sun demon hits you!
* * * LOW HITPOINT WARNING * * *
You are engulfed in flames!!
* * * LOW HITPOINT WARNING * * *
The orc sorcerer points at you and mumbles some strange words.
The bolt of negative energy hits the sun demon.
The sun demon completely resists.
The bolt of negative energy misses you.
The bolt of negative energy hits your spectral weapon.
Your spectral weapon completely resists.
You hit the sun demon but do no damage.
The sun demon is severely wounded.
Your spectral weapon hits the sun demon from afar.
The sun demon hits you!
You die...

▓▓▓▓▓▓▓▓▓▓▓▓▓▓▓▓▓▓▓▓▓▓▓▓
)..))..........(@3oo4oo{
▓▓▓▓▓▓▓▓▓▓▓▓▓▓▓▓▓▓▓▓▓▓▓▓▓▓▓▓▓▓▓▓▓
..).......)....(.................
▓▓▓▓▓▓▓▓▓▓▓▓▓▓▓▓▓▓▓▓▓▓▓▓▓▓▓▓▓▓▓▓▓
.......†.........÷.........(..'..
▓▓▓▓▓▓▓▓▓▓▓▓▓▓▓▓▓▓▓▓▓▓▓▓▓▓▓▓▓▓▓▓▓
.................................
▓▓▓▓▓▓▓▓▓▓▓▓▓▓▓▓▓▓▓▓▓▓▓▓▓▓▓▓▓▓▓▓▓
_________________'..|)..[..())...


You could see a sun demon, 4 orc sorcerers, a red devil and a friendly spectral
+2 halberd of protection.

Vanquished Creatures
  A hydra (D)
  Sonja (D)
  5 orc knights (D)
  An ugly thing (D)
  3 orc sorcerers (D)
  A black mamba (D)
  A gargoyle (D)
  A spiny frog (D)
  A hornet (D)
  A hippogriff (D)
  3 wyverns (D)
  A basilisk (D)
  2 wargs (D)
  3 hell hounds (D)
  4 water moccasins (D)
  8 orc warriors (D)
  A sky beast (D)
  2 centaurs (D)
  3 wolves (D)
  6 crocodiles (D)
  A big kobold (D)
  4 bullfrogs (D)
  A scorpion (D)
  A quasit (D)
  3 orc priests (D)
  An orc wizard (D)
  An adder (D)
  2 adder skeletons (D)
  7 orcs (D)
  A giant cockroach (D)
  A goblin (D)
  A frilled lizard (D)
  A giant cockroach zombie (D)
  2 kobolds (D)
76 creatures vanquished.

Vanquished Creatures (others)
  A spectral weapon (D)
1 creature vanquished.

Grand Total: 77 creatures vanquished

Notes
Turn   | Place    | Note
-------+----------+-------------------------------------------
     0 | D        | Morrissey the Merfolk Skald began the quest for the Orb.
     0 | D        | Reached XP level 1. HP: 16/16 MP: 3/3
    45 | D        | Noticed a quasit
    45 | D        | Noticed a scorpion
    50 | D        | Reached skill level 4 in Polearms
    50 | D        | Reached XP level 2. HP: 24/24 MP: 5/5
    65 | D        | Reached skill level 5 in Polearms
    65 | D        | Reached skill level 5 in Dodging
    65 | D        | Reached XP level 3. HP: 30/30 MP: 6/6
    71 | D        | Killed a scorpion
    71 | D        | Reached skill level 5 in Fighting
    71 | D        | Reached skill level 6 in Polearms
    71 | D        | Reached skill level 5 in Charms
    71 | D        | Reached XP level 4. HP: 26/39 MP: 7/7
    81 | D        | Reached skill level 7 in Polearms
   274 | D        | Learned a level 3 spell: Spectral Weapon
   278 | D        | Found a roughly hewn altar of Beogh.
   278 | D        | Found a snail-covered altar of Cheibriados.
   278 | D        | Found a shadowy altar of Dithmenos.
   278 | D        | Found a white marble altar of Elyvilon.
   278 | D        | Found a blossoming altar of Fedhas.
   278 | D        | Found an opulent altar of Gozag.
   279 | D        | Found a hazy altar of Hepliaklqana.
   280 | D        | Found a viscous altar of Jiyva.
   281 | D        | Found an ancient bone altar of Kikubaaqudgha.
   282 | D        | Found a corrupted altar of Lugonu.
   283 | D        | Found a burning altar of Makhleb.
   284 | D        | Found a sparkling altar of Nemelex Xobeh.
   285 | D        | Found an iron altar of Okawaru.
   286 | D        | Found a stormy altar of Qazlal.
   287 | D        | Found a sacrificial altar of Ru.
   288 | D        | Found a deep blue altar of Sif Muna.
   289 | D        | Found a bloodstained altar of Trog.
   290 | D        | Found a hide-covered altar of Uskayaw.
   291 | D        | Found a radiant altar of Vehumet.
   293 | D        | Became a worshipper of Makhleb the Destroyer
   295 | D        | Found an ornate altar of the Wu Jian Council.
   296 | D        | Found a shimmering altar of Xom.
   297 | D        | Found a basalt altar of Yredelemnul.
   298 | D        | Found a glowing silver altar of Zin.
   299 | D        | Found a glowing golden altar of the Shining One.
   316 | D        | Found the +8 whip "Snakebite" {curare, rPois}
   347 | D        | Noticed a centaur
   347 | D        | Noticed a centaur
   347 | D        | Noticed a sky beast
   347 | D        | Noticed a big kobold
   347 | D        | Noticed a wyvern
   347 | D        | Noticed a bullfrog
   351 | D        | Killed a centaur
   351 | D        | Reached XP level 5. HP: 35/46 MP: 4/8
   354 | D        | Killed a centaur
   354 | D        | Reached skill level 8 in Polearms
   354 | D        | Reached XP level 6. HP: 41/53 MP: 4/9
   357 | D        | Killed a sky beast
   357 | D        | Reached * piety under Makhleb
   357 | D        | Reached skill level 9 in Polearms
   357 | D        | Reached skill level 5 in Hexes
   369 | D        | Killed a wyvern
   369 | D        | Reached skill level 10 in Polearms
   369 | D        | Reached XP level 7. HP: 49/61 MP: 6/10
   371 | D        | Reached ** piety under Makhleb
   371 | D        | Reached skill level 1 in Invocations
   383 | D        | Noticed a hornet
   383 | D        | Noticed a red ugly thing
   383 | D        | Noticed a wyvern
   383 | D        | Noticed a wyvern
   383 | D        | Noticed a gargoyle
   391 | D        | Killed a red ugly thing
   391 | D        | Reached skill level 11 in Polearms
   391 | D        | Reached skill level 10 in Dodging
   391 | D        | Reached XP level 8. HP: 48/71 MP: 5/11
   394 | D        | Killed a hornet
   394 | D        | Reached skill level 5 in Invocations
   398 | D        | Killed a wyvern
   398 | D        | Reached skill level 12 in Polearms
   399 | D        | Killed a wyvern
   399 | D        | Reached *** piety under Makhleb
   406 | D        | Killed a gargoyle
   406 | D        | Reached skill level 10 in Fighting
   406 | D        | Reached skill level 13 in Polearms
   406 | D        | Reached XP level 9. HP: 54/78 MP: 7/14
   624 | D        | Noticed a four-headed hydra
   625 | D        | Reached skill level 14 in Polearms
   628 | D        | Reached **** piety under Makhleb
   977 | D        | Killed a four-headed hydra
   977 | D        | Reached skill level 16 in Polearms
  1041 | D        | Reached ***** piety under Makhleb
  1232 | D        | Reached XP level 10. HP: 85/85 MP: 17/17
  1262 | D        | Noticed a spiny frog
  1267 | D        | Killed a spiny frog
  1267 | D        | Reached skill level 10 in Invocations
  1274 | D        | Reached skill level 1 in Armour
  1278 | D        | Noticed a black mamba
  1294 | D        | Killed a black mamba
  1298 | D        | Reached ****** piety under Makhleb
  1343 | D        | Reached skill level 5 in Armour
  1439 | D        | Noticed Sonja
  1442 | D        | Killed Sonja
  1498 | D        | Noticed an orc knight
  1507 | D        | Killed an orc knight
  1533 | D        | Reached XP level 11. HP: 77/91 MP: 20/20
  1587 | D        | Noticed an orc knight
  1587 | D        | Noticed an orc knight
  1598 | D        | Noticed an orc knight
  1600 | D        | Killed an orc knight
  1611 | D        | Noticed an orc knight
  1611 | D        | Killed an orc knight
  1611 | D        | Reached skill level 5 in Evocations
  1724 | D        | Killed an orc knight
  1935 | D        | Killed an orc knight
  2016 | D        | Noticed an orc sorcerer
  2017 | D        | Noticed a sun demon
  2023 | D        | Killed an orc sorcerer
  2052 | D        | Found Ylaejepe's Assorted Antiques.
  2052 | D        | Noticed an orc sorcerer
  2052 | D        | Noticed an orc sorcerer
  2052 | D        | Noticed an orc sorcerer
  2052 | D        | Noticed an orc sorcerer
  2053 | D        | Noticed an orc sorcerer
  2054 | D        | Paralysed by an orc sorcerer for 5 turns
  2058 | D        | Noticed an orc sorcerer
  2061 | D        | Killed an orc sorcerer
  2061 | D        | Reached skill level 15 in Invocations
  2062 | D        | Noticed a sun demon
  2066 | D        | Killed an orc sorcerer
  2072 | D        | Mangled by a sun demon

Skill      XL: |  1  2  3  4  5  6  7  8  9 10 11 |
---------------+----------------------------------+-----
Dodging        | 3 5 6 7 8 9 10 12 13 14 | 14.5
Fighting       | 3 4 5 6 7 9 10 | 10.3
Polearms       | 4 5 6 7 8 10 11 13 16 | 16.0
Charms         | 4 5 6 7 8 |  8.2
Hexes          | 3 4 7 |  7.1
Invocations    | 4 6 9 13 15 | 15.4
Armour         | 6 |  6.4
Evocations     | 2 8 |  8.9
Spellcasting   | |  2.0

Action                   |  1- 3 |  4- 6 |  7- 9 | 10-12 || total
-------------------------+-------+-------+-------+-------++-------
Melee: Spear             |    34 |    10 |     8 |       ||    52
       Halberd           |       |    19 |    48 |   165 ||   232
 Cast: Infusion          |     1 |       |       |       ||     1
       Spectral Weapon   |       |     1 |     6 |    12 ||    19
Evoke: Lamp of fire      |       |       |       |     1 ||     1
  Use: Potion            |     1 |       |     2 |       ||     3
       Scroll            |       |       |     1 |     1 ||     2
 Stab: Distracted        |       |     1 |     1 |     1 ||     3
  Eat: Ration            |       |       |     1 |       ||     1
       Chunk             |       |       |       |     3 ||     3
Armor: Leather armour    |    12 |     8 |    12 |    10 ||    42
Dodge: Dodged            |    19 |    21 |    35 |    89 ||   164
